 Dungeon Crawl Stone Soup version 0.28-a0-206-gc2c9e32840 (webtiles) character file.

Game seed: 5225172449469381244

1933 bande the Chopper (level 9, -6/54 HPs)
             Began as a Gargoyle Fighter on Aug 20, 2021.
             Mangled by a yak (13 damage)
             ... on level 5 of the Dungeon.
             The game lasted 00:18:51 (6680 turns).

bande the Chopper (Gargoyle Fighter)                Turns: 6680, Time: 00:18:52

Health: -6/54      AC: 17    Str: 21    XL:     9   Next: 17%
Magic:  9/9        EV:  8    Int: 10    God:
Gold:   879        SH:  9    Dex: 10    Spells: 8/8 levels left

rFire   . . .      SeeInvis .   a - +1 war axe (elec)
rCold   . . .      Faith    .   c - +0 kite shield
rNeg    + . .      Spirit   .   q - +3 scale mail of Hedge Wizardry {Regen+}
rPois   ∞          Reflect  .   (no helmet)
rElec   +          Harm     .   (no cloak)
rCorr   +          Rampage  .   (no gloves)
Will    .....                   (no boots)
Stlth   ..........              k - amulet of regeneration
HPRegen 2.18/turn               o - ring of resist corrosion
MPRegen 0.11/turn               (no ring)

@: no status effects
A: sickness immunity, AC +6, negative energy resistance 1, electricity
resistance, torment resistance 1, petrification resistance
a: no special abilities


You were on level 5 of the Dungeon.
You visited 2 branches of the dungeon, and saw 8 of its levels.
You also visited: Sewer.

You collected 879 gold pieces.

Inventory:

Hand Weapons
 a - a +1 war axe of electrocution (weapon)
 f - a +1 morningstar of flaming
 m - a +2 vorpal hand axe
Armour
 c - a +0 kite shield (worn)
 q - the +3 scale mail of Hedge Wizardry (worn) {Regen+}
   (You found it on level 6 of the Dungeon)

   Regen:     It increases your rate of health regeneration.
Jewellery
 d - a ring of ice
 k - an amulet of regeneration (around neck)
 l - an amulet of magic regeneration
 o - a ring of resist corrosion (left hand)
Scrolls
 b - a scroll of teleportation
 g - a scroll of fog
 p - a scroll of blinking
Potions
 e - 2 potions of haste
 h - 3 potions of lignification
 i - a potion of brilliance
 j - a potion of flight
 n - a potion of ambrosia {unknown}
 r - a potion of curing


   Skills:
 + Level 5.4 Fighting
 + Level 7.3 Axes
 + Level 6.4 Armour
 + Level 2.3 Dodging
 + Level 6.1 Shields


You had 8 spell levels left.
You didn't know any spells.
Your spell library contained the following spells:

 Spells                   Type           Power      Damage    Failure   Level
 Beastly Appendage        Tmut           0%         N/A       96%         1
 Magic Dart               Conj           0%         1d3       96%         1
 Searing Ray              Conj           0%         3d3       99%         2
 Wereblood                Tmut           0%         N/A       99%         2
 Spider Form              Tmut/Pois      0%         N/A       100%        3
 Fulminant Prism          Conj/Hex       0%         3d6       100%        4


Dungeon Overview and Level Annotations

Branches:
Dungeon (7/15)             Temple (1/1) D:4           Sewer (visited)

Altars:
Ashenzari
Cheibriados
Elyvilon
Fedhas
Gozag
Hepliaklqana
Kikubaaqudgha
Makhleb
Nemelex Xobeh
Qazlal
Sif Muna
Trog
Uskayaw
Vehumet
Wu Jian
Yredelemnul
Zin
The Shining One


Innate Abilities, Weirdness & Mutations

You are immune to sickness and miasma.
Your stone body is resilient. (AC +6)
You are immune to poison.
You resist negative energy. (rN+)
You are resistant to electric shocks. (rElec)
You are resistant to unholy torment.
You are immune to petrification.


Message History

You closely miss the yak.
The yak is moderately wounded.
You barely miss the yak. You hit the yak but do no damage.
You closely miss the ufetubus. The ufetubus closely misses you.
You block the ufetubus's attack. The yak gores you.
The yak gores you but does no damage. You block the ufetubus's attack.
The ufetubus hits you but does no damage.
The yak closely misses you. The yak gores you!
* * * LOW HITPOINT WARNING * * *
You slash the yak!
The yak is heavily wounded.
You miss the ufetubus. You barely miss the yak.
Your shield prevents you from hitting the yak.
The ufetubus hits you but does no damage. x2
The yak gores you but does no damage. You block the yak's attack.
The ufetubus hits you but does no damage.
The ufetubus barely misses you. You block the yak's attack.
You slash the yak!
The yak is severely wounded.
You slash the ufetubus! Lightning courses through the ufetubus!
You kill the ufetubus!
You hit the yak but do no damage. You slash the yak!
The yak gores you but does no damage. The yak completely misses you.
The yak gores you but does no damage. The yak gores you!
* * * LOW HITPOINT WARNING * * *
The yak gores you but does no damage.
Your shield and scale mail of Hedge Wizardry prevent you from hitting the yak.
The yak is moderately wounded.
You slash the yak! Lightning courses through the yak!!
You kill the yak!
You slash the yak! The yak gores you.
* * * LOW HITPOINT WARNING * * *
The yak gores you.
* * * LOW HITPOINT WARNING * * *
The yak gores you but does no damage.
You slash the yak!
The yak is severely wounded.
You barely miss the yak. The yak barely misses you.
The yak gores you but does no damage. The yak gores you!
You die...

..# ##......#..........#
..#####.....<###.....#...##
..[.#.......###..#####.##.#
##.....###..##...# #..####
###..## ##.....## ##.##
##..# ##...## ##..# ###...#
##..####...# #.....#
##...Y.....## ......#
###...Y@......#
......####....#.††.#####
.....))#......##..##
.......[..#...##..#
.....##).###..##..#
....<###.###..###.# .....#
#..###.###.# .....# ##.#
#.....# #...## #.# #.#####


You could see 2 yaks.

Vanquished Creatures
  Sigmund (D:3)
  2 yaks (D:5)
  2 necrophages
  An ice beast (D:5)
  A black bear (D:5)
  A centaur (D:7)
  A phantom (D:5)
  2 lemures (D:7)
  2 bullfrogs (Sewer)
  2 scorpions
  A wyvern skeleton (D:5)
  A bullfrog skeleton (D:5)
  A hound (D:3)
  4 orc priests
  2 centaur skeletons
  2 iguanas
  2 orc wizards (D:7)
  A howler monkey zombie (D:5)
  4 gnolls
  11 adders
  A white imp (D:7)
  2 ufetubi
  An adder skeleton (D:4)
  4 worms
  A dart slug (D:1)
  21 orcs
  9 endoplasms
  7 giant cockroaches
  7 hobgoblins
  12 jackals
  13 quokkas
  9 ball pythons
  4 bats
  10 frilled lizards
  7 goblins
  2 goblin skeletons (D:7)
  3 hobgoblin zombies (D:7)
  7 kobolds
  A kobold zombie (D:7)
  An orc zombie (D:7)
  9 rats
175 creatures vanquished.

Vanquished Creatures (others)
  An orc wizard (D:7)
1 creature vanquished.

Grand Total: 176 creatures vanquished

Notes
Turn   | Place    | Note
-------+----------+-------------------------------------------
     0 | D:1      | bande the Gargoyle Fighter began the quest for the Orb.
     0 | D:1      | Reached XP level 1. HP: 14/14 MP: 1/1
   299 | D:1      | Reached XP level 2. HP: 19/19 MP: 2/2
   600 | D:1      | Reached skill level 2 in Axes
   688 | D:1      | Reached XP level 3. HP: 23/23 MP: 3/3
  1795 | D:2      | Reached XP level 4. HP: 28/29 MP: 4/4
  1919 | D:2      | Found a faded altar of an unknown god.
  1988 | D:2      | Identified a scroll of acquirement
  1988 | D:2      | Acquired 579 gold pieces
  2601 | D:3      | Noticed Sigmund
  2610 | D:3      | Reached skill level 3 in Axes
  2610 | D:3      | Reached XP level 5. HP: 28/33 MP: 5/5
  2625 | D:3      | Killed Sigmund
  2626 | D:3      | Reached XP level 6. HP: 23/38 MP: 6/6
  2690 | D:3      | Reached skill level 4 in Axes
  3380 | D:4      | Reached XP level 7. HP: 44/44 MP: 7/7
  3483 | D:4      | Reached skill level 1 in Dodging
  3510 | D:4      | Found a staircase to the Ecumenical Temple.
  3525 | Temple   | Entered the Ecumenical Temple
  3793 | D:4      | Reached skill level 5 in Armour
  4377 | D:4      | You fall into a shaft and drop 3 floors!
  4425 | D:7      | Found a glowing golden altar of the Shining One.
  4471 | D:7      | Reached skill level 5 in Axes
  4631 | D:6      | Identified the +3 scale mail of Hedge Wizardry {Regen+}
  4647 | D:5      | Entered Level 5 of the Dungeon
  4789 | D:5      | Reached skill level 5 in Shields
  4789 | D:5      | Reached XP level 8. HP: 48/48 MP: 8/8
  4865 | D:5      | Reached skill level 6 in Axes
  4979 | D:5      | Found a glowing drain.
  4993 | Sewer    | Entered a sewer
  5008 | Sewer    | Reached skill level 5 in Fighting
  6440 | D:4      | Found a sparkling altar of Nemelex Xobeh.
  6663 | D:6      | Noticed a yak
  6663 | D:6      | Noticed a yak
  6663 | D:6      | Noticed a yak
  6663 | D:6      | Noticed a yak
  6669 | D:5      | Reached skill level 7 in Axes
  6675 | D:5      | Killed a yak
  6676 | D:5      | Reached XP level 9. HP: 26/54 MP: 9/9
  6680 | D:5      | Mangled by a yak

Illustrated notes

Levels and vault maps discovered:
D:1:      matt_arrival_los_fun, layout_loops_corners, serial_glass,
          glass_columns_b, glass_columns_b, minmay_misc_feat_room,
          minmay_misc_feat_more_columns, minmay_small_reverse_x
D:2:      layout_basic, serial_aquarium, aquarium_bridge_square
          [aquarium_subvault_bridge, aquarium_subvault_window,
          aquarium_subvault_window, aquarium_subvault_bridge],
          aquarium_window_2, aquarium_window_fake, aquarium_view_2d,
          aquarium_view_2g, aquarium_balcony_5a, aquarium_pool_2,
          hellmonk_ecumenical_altar_heavens_door, chequers_serial_rivers_room_b
D:3:      layout_loops_ring, nrook_campfire, kennysheep_generic_room_7,
          uniq_sigmund
D:4:      layout_loops_ring, nemelex_dance_club_becter,
          minmay_temple_entry_statues_pillars
D:5:      layout_layer_cave, cheibrodos_sewer_entry_sluice, serial_bayou,
          serial_bayou_pond_e, serial_bayou_pond_d, serial_bayou_lake_a,
          serial_bayou_lagoon_b
D:6:      layout_cave_pools, amcnicky_altar_gilded
D:7:      layout_basic, nicolae_tso_besieged_by_evil,
          mainiacjoe_overflow_surrounded_room, uniq_pikel
Temple:   regret_index_temple_sphere_string

Skill      XL: |  1  2  3  4  5  6  7  8 |
---------------+-------------------------+-----
Axes           | 2 3 4 5 7 |  7.3
Shields        | 4 5 6 |  6.1
Armour         | 4 5 6 |  6.4
Fighting       | 4 5 |  5.4
Dodging        | 1 2 |  2.3

Action                   |  1- 3 |  4- 6 |  7- 9 || total
-------------------------+-------+-------+-------++-------
Melee: War axe           |   158 |   195 |   338 ||   691
  Use: Scroll            |     3 |     5 |     5 ||    13
       Potion            |     1 |     6 |     1 ||     8
Armor: Scale mail        |   139 |   119 |   142 ||   400
       Chain mail        |       |       |    93 ||    93
Dodge: Dodged            |    73 |    58 |   126 ||   257
Block: Kite shield       |   105 |   101 |   165 ||   371

Table legend: (Time is in decaauts)
 A = Elapsed time spent in this place.
 B = Non-inter-level travel time spent in this place.
 C = Inter-level travel time spent in this place.
 D = Time resting spent in this place.
 E = Time spent auto-exploring this place.
 F = Levels seen in this place.
 G = Mean time per level.
                   A        B        C        D        E       F      G
               +--------+--------+--------+--------+--------+-----+--------+
         Total |   7177 |   7082 |     95 |    447 |   4423 |   9 |  797.4 |
       Dungeon |   6394 |   6299 |     95 |    447 |   3901 |   7 |  913.4 |
        Temple |    172 |    172 |      0 |      0 |    149 |   1 |  172.0 |
         Sewer |    610 |    610 |      0 |      0 |    373 |   1 |  610.0 |
               +--------+--------+--------+--------+--------+-----+--------+

Top non-repeatable levels by time:
     D:1: 1792 daAuts
     D:5: 1384 daAuts
     D:4: 1081 daAuts
     D:3: 924 daAuts
     D:2: 900 daAuts
   Sewer: 610 daAuts
     D:7: 260 daAuts
  Temple: 172 daAuts
     D:6: 51 daAuts
